TOP OF THE 1ST |
Southern California Trojans batting - Pitching for Arizona Wildcats : LHP Elroy Bunch
|
Pitching: LHP Elroy Bunch
|
|
Batting: RHB José Hernández
|
0-0: Ball 1-0: Ball 2-0: Ground out 6-3 (Groundball, 6M)
|
Batting: RHB Ben Byrd
|
0-0: Ball 1-0: Ball 2-0: Called Strike 2-1: Ball 3-1: Base on Balls
|
Batting: LHB Kel Smith
|
0-0: Ball 1-0: Ball 2-0: Called Strike Ben Byrd steals 2nd base 2-1: Ball 3-1: Foul Ball, location: 2F 3-2: Foul Ball, location: 2F 3-2: Ground out U3 (Groundball, 34) Ben Byrd to third
|
Batting: RHB Mike Carter
|
0-0: Called Strike 0-1: Ball 1-1: Foul Ball, location: 2F 1-2: Ball 2-2: Strikes out looking
|
Top of the 1st over - 0 run(s), 0 hit(s), 0 error(s), 1 left on base; Southern California 0 - Arizona 0 |
BOTTOM OF THE 1ST |
Arizona Wildcats batting - Pitching for Southern California Trojans : RHP Walt Dempsey
|
Pitching: RHP Walt Dempsey
|
|
Batting: RHB Jesús Ortíz
|
0-0: Swinging Strike 0-1: Fly out, F9 (Line Drive, 89M)
|
Batting: RHB Donald Fenner
|
0-0: Called Strike 0-1: Reached on error, E4 (Groundball, 4)
|
Batting: RHB Tomás Delgado
|
0-0: Swinging Strike 0-1: Ball 1-1: Ball 2-1: Called Strike 2-2: Fly out, F7 (Flyball, 7S)
|
Batting: RHB Jake Lawrence
|
0-0: Called Strike 0-1: Ball 1-1: Foul Ball, location: 2F 1-2: SINGLE (Flyball, 8RM) Donald Fenner to third Runner from 3rd tries for Home, SAFE, throw made home
|
Batting: RHB Jon Hartley
|
0-0: 2-RUN HOME RUN (Flyball, 7D), Distance : 356 ft
|
Batting: RHB Juan Navarro
|
0-0: Ball 1-0: Ball 2-0: Ball 3-0: Called Strike 3-1: Base on Balls
|
Batting: RHB Lúcio Pagán
|
0-0: Called Strike Juan Navarro steals 2nd base 0-1: Foul Ball, location: 2F 0-2: Ground out 5-3 (Groundball, 5S)
|
Bottom of the 1st over - 3 run(s), 2 hit(s), 1 error(s), 1 left on base; Southern California 0 - Arizona 3 |
TOP OF THE 2ND |
Southern California Trojans batting - Pitching for Arizona Wildcats : LHP Elroy Bunch
|
Batting: RHB Eddy Davenport
|
0-0: Ball 1-0: Ball 2-0: Called Strike 2-1: Foul Ball, location: 2F 2-2: Ball 3-2: Foul Ball, location: 2F 3-2: Ground out 6-3 (Groundball, 6)
|
Batting: RHB Wade Martin
|
0-0: Ball 1-0: Called Strike 1-1: Foul Ball, location: 2F 1-2: Ball 2-2: Strikes out swinging
|
Batting: RHB Enrico Davis
|
0-0: Ball 1-0: Fly out, F7 (Flyball, 7)
|
Top of the 2nd over - 0 run(s), 0 hit(s), 0 error(s), 0 left on base; Southern California 0 - Arizona 3 |
BOTTOM OF THE 2ND |
Arizona Wildcats batting - Pitching for Southern California Trojans : RHP Walt Dempsey
|
Batting: RHB Dean Oglethorpe
|
0-0: Ball 1-0: Ball 2-0: Ball 3-0: Base on Balls
|
Batting: RHB Maurice Long
|
0-0: Fielders Choice at 2nd, 5-4 (Groundball, 56)
|
Batting: RHB Jesús Ortíz
|
0-0: DOUBLE (Line Drive, 9LM) Maurice Long to third
|
Batting: RHB Donald Fenner
|
0-0: Called Strike 0-1: Ball 1-1: Ball 2-1: Called Strike 2-2: Ball 3-2: Base on Balls
|
Batting: RHB Tomás Delgado
|
0-0: Ball 1-0: Swinging Strike 1-1: Foul Ball, location: 2F 1-2: Fly out, F2 (Popup, 23)
|
Batting: RHB Jake Lawrence
|
0-0: Ball 1-0: Fly out, F7 (Flyball, 7)
|
Bottom of the 2nd over - 0 run(s), 1 hit(s), 0 error(s), 3 left on base; Southern California 0 - Arizona 3 |
TOP OF THE 3RD |
Southern California Trojans batting - Pitching for Arizona Wildcats : LHP Elroy Bunch
|
Batting: LHB Carl Hodge
|
0-0: Ground out U3 (Groundball, 34)
|
Batting: LHB Steve Herman
|
0-0: Called Strike 0-1: Ball 1-1: Ball 2-1: Ball 3-1: Swinging Strike 3-2: Base on Balls
|
Batting: RHB José Hernández
|
0-0: Ball 1-0: Called Strike 1-1: SINGLE (Groundball, 6MD) Steve Herman to second
|
Batting: RHB Ben Byrd
|
0-0: Called Strike 0-1: Foul Ball, location: 2F 0-2: Strikes out swinging
|
Batting: LHB Kel Smith
|
0-0: Ball 1-0: SINGLE (Groundball, 4MD) Steve Herman to third José Hernández to second Runner from 3rd tries for Home, SAFE, no throw
|
Batting: RHB Mike Carter
|
0-0: Ball 1-0: SINGLE (Line Drive, 8LM) José Hernández to third Kel Smith to second Runner from 3rd tries for Home, SAFE, no throw
|
Batting: RHB Eddy Davenport
|
0-0: SINGLE (Line Drive, 8RS) Kel Smith to third Mike Carter to second Runner from 3rd tries for Home, SAFE, no throw
|
Batting: RHB Wade Martin
|
0-0: Swinging Strike Balk! Mike Carter to third Eddy Davenport to second 0-1: Fly out, F4 (Flyball, 34D)
|
Top of the 3rd over - 3 run(s), 4 hit(s), 0 error(s), 2 left on base; Southern California 3 - Arizona 3 |
BOTTOM OF THE 3RD |
Arizona Wildcats batting - Pitching for Southern California Trojans : RHP Walt Dempsey
|
Batting: RHB Jon Hartley
|
0-0: Swinging Strike 0-1: Foul Ball, location: 2F 0-2: Ball 1-2: Strikes out swinging
|
Batting: RHB Juan Navarro
|
0-0: Ground out 1-3 (Groundball, 13)
|
Batting: RHB Lúcio Pagán
|
0-0: Fly out, F6 (Line Drive, 56)
|
Bottom of the 3rd over - 0 run(s), 0 hit(s), 0 error(s), 0 left on base; Southern California 3 - Arizona 3 |
TOP OF THE 4TH |
Southern California Trojans batting - Pitching for Arizona Wildcats : LHP Elroy Bunch
|
Batting: RHB Enrico Davis
|
0-0: Foul Ball, location: 2F 0-1: Swinging Strike 0-2: Strikes out swinging
|
Batting: LHB Carl Hodge
|
0-0: Fly out, F8 (Line Drive, 8LM)
|
Batting: LHB Steve Herman
|
0-0: SINGLE (Line Drive, 78S)
|
Batting: RHB José Hernández
|
0-0: Called Strike 0-1: Ball 1-1: Swinging Strike 1-2: Ball 2-2: Fly out, F8 (Flyball, 8LM)
|
Top of the 4th over - 0 run(s), 1 hit(s), 0 error(s), 1 left on base; Southern California 3 - Arizona 3 |
BOTTOM OF THE 4TH |
Arizona Wildcats batting - Pitching for Southern California Trojans : RHP Walt Dempsey
|
Batting: RHB Dean Oglethorpe
|
0-0: Ball 1-0: Ball 2-0: Ball 3-0: Base on Balls
|
Batting: RHB Maurice Long
|
0-0: Ball 1-0: Ball 2-0: Called Strike 2-1: SINGLE (Flyball, 8LS) Dean Oglethorpe to second Runner from 2nd tries for 3rd, SAFE, throw made to third
|
Batting: RHB Jesús Ortíz
|
0-0: Ball 1-0: Fielders Choice at 2nd, 4-6 (Groundball, 4) Dean Oglethorpe scores
|
Batting: RHB Donald Fenner
|
0-0: Foul Ball, location: 2F 0-1: Ball 1-1: Fly out, F9 (Flyball, 9LS)
|
Batting: RHB Tomás Delgado
|
0-0: Ball Jesús Ortíz steals 2nd base 1-0: Swinging Strike 1-1: Swinging Strike 1-2: Fly out, F7 (Flyball, 7S)
|
Bottom of the 4th over - 1 run(s), 1 hit(s), 0 error(s), 1 left on base; Southern California 3 - Arizona 4 |
TOP OF THE 5TH |
Southern California Trojans batting - Pitching for Arizona Wildcats : LHP Elroy Bunch
|
Batting: RHB Ben Byrd
|
0-0: Ball 1-0: SINGLE (Line Drive, 89S)
|
Batting: LHB Kel Smith
|
0-0: Ball 1-0: Fly out, F9 (Flyball, 9)
|
Batting: RHB Mike Carter
|
0-0: Called Strike 0-1: Ball 1-1: Ball 2-1: Foul Ball, location: 2F 2-2: Hit by Pitch Ben Byrd to second
|
Batting: RHB Eddy Davenport
|
0-0: Foul Ball, location: 2F 0-1: Ground out 5-3 (Groundball, 56S) Ben Byrd to third Mike Carter to second
|
Batting: RHB Wade Martin
|
0-0: Ball 1-0: Called Strike 1-1: Swinging Strike 1-2: Strikes out swinging
|
Top of the 5th over - 0 run(s), 1 hit(s), 0 error(s), 2 left on base; Southern California 3 - Arizona 4 |
BOTTOM OF THE 5TH |
Arizona Wildcats batting - Pitching for Southern California Trojans : RHP Walt Dempsey
|
Batting: RHB Jake Lawrence
|
0-0: Called Strike 0-1: Ground out 5-3 (Groundball, 5)
|
Batting: RHB Jon Hartley
|
0-0: Ball 1-0: Ball 2-0: Ball 3-0: Base on Balls
|
Batting: RHB Juan Navarro
|
0-0: Ball 1-0: Ball 2-0: Ball 3-0: Called Strike 3-1: SINGLE (Groundball, 6MD) Jon Hartley to second Throwing error, E8 Jon Hartley scores Juan Navarro to second
|
Pitching: RHP Jorge Escobar
|
|
Batting: RHB Lúcio Pagán
|
0-0: Called Strike 0-1: Swinging Strike 0-2: Strikes out looking
|
Batting: RHB Dean Oglethorpe
|
0-0: Called Strike 0-1: Swinging Strike 0-2: Ball 1-2: Foul Ball, location: 2F 1-2: Foul Ball, location: 2F 1-2: Ball 2-2: Ball 3-2: Base on Balls
|
Batting: RHB Maurice Long
|
0-0: Called Strike 0-1: Ball 1-1: Foul Ball, location: 2F 1-2: Foul Ball, location: 2F 1-2: SINGLE (Line Drive, 89M) Juan Navarro to third Dean Oglethorpe to second Runner from 3rd tries for Home, SAFE, no throw
|
Batting: RHB Jesús Ortíz
|
0-0: Ball 1-0: Ball 2-0: Fly out, F8 (Flyball, 8RD)
|
Bottom of the 5th over - 2 run(s), 2 hit(s), 1 error(s), 2 left on base; Southern California 3 - Arizona 6 |
TOP OF THE 6TH |
Southern California Trojans batting - Pitching for Arizona Wildcats : LHP Elroy Bunch
|
Batting: RHB Enrico Davis
|
0-0: Ball 1-0: Ball 2-0: Ball 3-0: Called Strike 3-1: Foul Ball, location: 2F 3-2: Foul Ball, location: 2F 3-2: Fly out, F7 (Flyball, 7)
|
Pitching: RHP Michael Abrams
|
|
Batting: LHB Carl Hodge
|
0-0: Swinging Strike 0-1: Ball 1-1: Ball 2-1: Ball 3-1: Base on Balls
|
Batting: LHB Steve Herman
|
0-0: Foul Ball, location: 2F 0-1: Foul Ball, location: 2F 0-2: Strikes out swinging
|
Batting: RHB José Hernández
|
0-0: Ball 1-0: Called Strike 1-1: Called Strike 1-2: Ball 2-2: Foul Ball, location: 2F 2-2: Foul Ball, location: 2F 2-2: Ball 3-2: Ground out 6-3 (Groundball, 6)
|
Top of the 6th over - 0 run(s), 0 hit(s), 0 error(s), 1 left on base; Southern California 3 - Arizona 6 |
BOTTOM OF THE 6TH |
Arizona Wildcats batting - Pitching for Southern California Trojans : RHP Jorge Escobar
|
Batting: RHB Donald Fenner
|
0-0: Called Strike 0-1: Ball 1-1: Called Strike 1-2: Ball 2-2: Ball 3-2: Strikes out swinging
|
Batting: RHB Tomás Delgado
|
0-0: Called Strike 0-1: Foul Ball, location: 2F 0-2: SINGLE (Line Drive, 56D)
|
Batting: RHB Jake Lawrence
|
0-0: Ball 1-0: Ball 2-0: Foul Ball, location: 2F 2-1: Called Strike 2-2: DOUBLE (Flyball, 78M) Tomás Delgado to third
|
Batting: RHB Jon Hartley
|
0-0: Intentional Walk
|
Batting: RHB Juan Navarro
|
0-0: Ball 1-0: Ball 2-0: Called Strike 2-1: Ball 3-1: Foul Ball, location: 2F 3-2: Strikes out swinging
|
Batting: RHB Lúcio Pagán
|
0-0: Ball 1-0: Ball 2-0: Ball 3-0: Base on Balls Tomás Delgado scores Jake Lawrence to third Jon Hartley to second
|
Batting: RHB Dean Oglethorpe
|
0-0: Ball 1-0: Foul Ball, location: 2F 1-1: Swinging Strike 1-2: Foul Ball, location: 2F 1-2: Fly out, F8 (Flyball, 78M)
|
Bottom of the 6th over - 1 run(s), 2 hit(s), 0 error(s), 3 left on base; Southern California 3 - Arizona 7 |
TOP OF THE 7TH |
Southern California Trojans batting - Pitching for Arizona Wildcats : RHP Michael Abrams
|
Batting: RHB Ben Byrd
|
0-0: Ball 1-0: Ball 2-0: Ball 3-0: Swinging Strike 3-1: Foul Ball, location: 2F 3-2: Strikes out swinging
|
Batting: LHB Kel Smith
|
0-0: Ball 1-0: Ball 2-0: Ball 3-0: Called Strike 3-1: Base on Balls
|
Batting: RHB Mike Carter
|
0-0: SINGLE (Flyball, 8LS) Kel Smith to second
|
Batting: RHB Eddy Davenport
|
0-0: Called Strike 0-1: Ball 1-1: Ball 2-1: Foul Ball, location: 2F 2-2: Foul Ball, location: 2F 2-2: Ball 3-2: Strikes out swinging
|
Batting: RHB Wade Martin
|
0-0: Ball 1-0: Ball 2-0: Ground out 4-3 (Groundball, 4M)
|
Top of the 7th over - 0 run(s), 1 hit(s), 0 error(s), 2 left on base; Southern California 3 - Arizona 7 |
BOTTOM OF THE 7TH |
Arizona Wildcats batting - Pitching for Southern California Trojans : RHP Jorge Escobar
|
Pitching: RHP R.J. McAlduie
|
|
Batting: RHB Maurice Long
|
0-0: Called Strike 0-1: Ball 1-1: Foul Ball, location: 2F 1-2: Foul Ball, location: 2F 1-2: Ball 2-2: Foul Ball, location: 2F 2-2: Foul Ball, location: 2F 2-2: Strikes out looking
|
Batting: RHB Jesús Ortíz
|
0-0: Called Strike 0-1: Ball 1-1: SINGLE (Groundball, 4MD)
|
Batting: RHB Donald Fenner
|
0-0: Ball 1-0: Called Strike Jesús Ortíz steals 2nd base 1-1: Intentional Walk
|
Batting: RHB Tomás Delgado
|
0-0: Ball 1-0: Ball 2-0: Foul Ball, location: 2F 2-1: SINGLE (Flyball, 8LS) Jesús Ortíz to third Donald Fenner to second Runner from 3rd tries for Home, SAFE, no throw
|
Batting: RHB Jake Lawrence
|
0-0: Ball 1-0: Called Strike 1-1: Ball 2-1: Called Strike 2-2: Ball 3-2: Fly out, F5 (Line Drive, 56)
|
Batting: RHB Jon Hartley
|
0-0: Swinging Strike 0-1: Ball 1-1: Foul Ball, location: 2F 1-2: Ball 2-2: SINGLE (Line Drive, 5D) Donald Fenner to third Tomás Delgado to second Runner from 3rd tries for Home, SAFE, no throw
|
Batting: RHB Juan Navarro
|
0-0: Ball 1-0: Called Strike 1-1: Ball 2-1: Ball 3-1: Base on Balls Tomás Delgado to third Jon Hartley to second
|
Batting: RHB Lúcio Pagán
|
0-0: Called Strike 0-1: Swinging Strike 0-2: Ball 1-2: Foul Ball, location: 2F 1-2: Strikes out swinging
|
Bottom of the 7th over - 2 run(s), 3 hit(s), 0 error(s), 3 left on base; Southern California 3 - Arizona 9 |
TOP OF THE 8TH |
Southern California Trojans batting - Pitching for Arizona Wildcats : RHP Michael Abrams
|
Batting: RHB Enrico Davis
|
0-0: Foul Ball, location: 2F 0-1: Ball 1-1: Swinging Strike 1-2: Ball 2-2: Ball 3-2: Base on Balls
|
Batting: LHB Carl Hodge
|
0-0: Fly out, F4 (Popup, 34)
|
Batting: LHB Steve Herman
|
0-0: Ball 1-0: Ball 2-0: Called Strike 2-1: Swinging Strike 2-2: Ball 3-2: Base on Balls Enrico Davis to second
|
Pitching: RHP Ray Campbell
|
|
Batting: RHB José Hernández
|
0-0: Ball 1-0: Ball 2-0: Ball 3-0: Called Strike 3-1: SINGLE (Groundball, 4MD) Enrico Davis to third Steve Herman to second Runner from 3rd tries for Home, SAFE, no throw
|
Batting: RHB Ben Byrd
|
0-0: 3-RUN HOME RUN (Flyball, 78XD), Distance : 380 ft
|
Pitching: LHP Bernard Park
|
|
Batting: LHB Kel Smith
|
0-0: Ball 1-0: Ball 2-0: Foul Ball, location: 2F 2-1: Ball 3-1: Base on Balls
|
Pitching: RHP Wilson Flores
|
|
Batting: RHB Mike Carter
|
0-0: Called Strike 0-1: Swinging Strike 0-2: Ball 1-2: SINGLE (Line Drive, 8RS) Kel Smith to second
|
Batting: RHB Eddy Davenport
|
0-0: Ball 1-0: Called Strike 1-1: Foul Ball, location: 2F 1-2: Strikes out swinging
|
Batting: RHB Wade Martin
|
0-0: Called Strike 0-1: Called Strike 0-2: Strikes out looking
|
Top of the 8th over - 4 run(s), 3 hit(s), 0 error(s), 2 left on base; Southern California 7 - Arizona 9 |
BOTTOM OF THE 8TH |
Arizona Wildcats batting - Pitching for Southern California Trojans : RHP R.J. McAlduie
|
Pitching: RHP Carlos Encarnación
|
|
Batting: RHB Dean Oglethorpe
|
0-0: Foul Ball, location: 2F 0-1: Ball 1-1: Swinging Strike 1-2: Fly out, F7 (Flyball, 78M)
|
Batting: RHB Maurice Long
|
0-0: Called Strike 0-1: Swinging Strike 0-2: Strikes out swinging
|
Batting: RHB Jesús Ortíz
|
0-0: Ball 1-0: Called Strike 1-1: Called Strike 1-2: Strikes out looking
|
Bottom of the 8th over - 0 run(s), 0 hit(s), 0 error(s), 0 left on base; Southern California 7 - Arizona 9 |
TOP OF THE 9TH |
Southern California Trojans batting - Pitching for Arizona Wildcats : RHP Wilson Flores
|
Pitching: LHP Aaron Blankenship
|
|
Batting: RHB Enrico Davis
|
0-0: Called Strike 0-1: Ball 1-1: SINGLE (Groundball, 6D)
|
Pinch Hitting: RHB Homer Griffin
|
0-0: Ball 1-0: Ball 2-0: Called Strike 2-1: Ball 3-1: SINGLE (Groundball, 6) (infield hit) Enrico Davis to second
|
Batting: LHB Steve Herman
|
0-0: DOUBLE (Flyball, 7) Enrico Davis scores Homer Griffin to third
|
Batting: RHB José Hernández
|
0-0: Swinging Strike 0-1: Swinging Strike 0-2: Ball 1-2: Foul Ball, location: 2F 1-2: Ball 2-2: Ball 3-2: Strikes out looking
|
Batting: RHB Ben Byrd
|
0-0: Fly out, F8 (Flyball, 8LM) Throwing error, E8 Homer Griffin scores Steve Herman to third
|
Pitching: LHP John Keller
|
|
Batting: LHB Kel Smith
|
0-0: Ball 1-0: Called Strike 1-1: Called Strike 1-2: Fly out, F7 (Flyball, 7S)
|
Top of the 9th over - 2 run(s), 3 hit(s), 1 error(s), 1 left on base; Southern California 9 - Arizona 9 |
BOTTOM OF THE 9TH |
Arizona Wildcats batting - Pitching for Southern California Trojans : RHP Carlos Encarnación
|
Now in LF: Homer Griffin
|
|
Batting: RHB Donald Fenner
|
0-0: Ball 1-0: Fly out, F8 (Flyball, 8RD)
|
Batting: RHB Tomás Delgado
|
0-0: Ball 1-0: Ball 2-0: Foul Ball, location: 2F 2-1: Ball 3-1: Base on Balls
|
Batting: RHB Jake Lawrence
|
0-0: Ball 1-0: Foul Ball, location: 2F 1-1: SINGLE (Flyball, 8LS) Tomás Delgado to second
|
Batting: RHB Jon Hartley
|
0-0: Foul Ball, location: 2F 0-1: Swinging Strike 0-2: Ball 1-2: Strikes out swinging
|
Batting: RHB Juan Navarro
|
0-0: Ball 1-0: Ball 2-0: Ball 3-0: Base on Balls Tomás Delgado to third Jake Lawrence to second
|
Pinch Hitting: RHB Brian Brown
|
0-0: Foul Ball, location: 2F 0-1: Foul Ball, location: 2F 0-2: Ball 1-2: Foul Ball, location: 2F 1-2: Foul Ball, location: 2F 1-2: SINGLE (Groundball, 34D) Tomás Delgado scores
|
Thursday, March 30th, 2017 - OOTP Baseball 17.12 Build 75
|
|